 Dungeon Crawl Stone Soup version 0.31-a0-1002-g8e65716e6e (webtiles) character file.

Game seed: 18079332271211813621

70 Azuregosa the Covert (level 4, -3/31 HPs)
             Began as an Octopode Delver on Nov 10, 2023.
             Succumbed to a scorpion's poison
             ... on level 5 of the Dungeon.
             The game lasted 00:01:37 (293 turns).

Azuregosa the Covert (Octopode Delver)               Turns: 293, Time: 00:01:38

Health: -3/31      AC:  1    Str: 11    XL:     4   Next: 21%
Magic:  4/4        EV: 13    Int: 14    God:
Gold:   0          SH:  0    Dex: 13    Spells: 3/3 levels left

rFire   . . .        a - +0 mace
rCold   . . .        (no shield)
rNeg    . . .        (helmet restricted)
rPois   .            (no amulet)
rElec   .            (no ring)
rCorr   .            (no ring)
SInv    .            (no ring)
Will    .....        (no ring)
Stlth   +++++        (no ring)
HPRegen 0.25/turn    (no ring)
MPRegen 0.09/turn    (no ring)
                     (no ring)

%: no passive effects
@: lethally poisoned (-3 -> -17)
A: almost no armour, amphibious, 8 rings, camouflage 1, gelatinous body 1,
(nimble swimmer 1), tentacles
a: no special abilities


You were on level 5 of the Dungeon.
You visited 2 branches of the dungeon, and saw 2 of its levels.

Inventory:

Hand Weapons
 a - a +0 mace (weapon)
Wands
 f - a wand of digging (3)
Scrolls
 b - a scroll of fog
 g - a scroll of blinking {unknown}
Potions
 c - 2 potions of berserk rage {unknown}
 e - a potion of haste


   Skills:
 - Level 3.0 Fighting
 - Level 2.0 Maces & Flails
 - Level 2.0 Dodging
 + Level 8.7 Stealth


You had 3 spell levels left.
You didn't know any spells.
Your spell library was empty.

Dungeon Overview and Level Annotations

Branches:
Dungeon (5/15)             Temple (1/1) D:5

Altars:
Okawaru


Innate Abilities, Weirdness & Mutations

You cannot wear most types of armour.
You are amphibious.
You can wear up to eight rings at the same time.
Your skin changes colour to match your surroundings (Stealth+).
Your rubbery body absorbs attacks. (AC +1, EV +1)
((You are camouflaged when in or above water. (Stealth+)))
You have tentacles for arms and can constrict up to eight enemies at once.


Message History

The gnoll moves out of view.
There is an open door here.
The gnoll completely misses you. The gnoll barely misses you.
The gnoll shouts!
You hit the gnoll but do no damage. You grab the gnoll. You squeeze the gnoll.
The gnoll is heavily wounded.
You constrict the gnoll, but do no damage.
You hear an angry growl.
The gnoll hits you with a +0 spear. The gnoll hits you with a +0 spear!
You hit the gnoll but do no damage.
The gnoll is heavily wounded.
You constrict the gnoll, but do no damage.
The gnoll misses you.
You hit the gnoll.
You squeeze the gnoll, but do no damage.
The gnoll is severely wounded.
You constrict the gnoll. The gnoll hits you with a +0 spear.
You hit the gnoll but do no damage. You squeeze the gnoll.
You kill the gnoll!
The scorpion closely misses you.
You hit the scorpion but do no damage. You grab the scorpion.
You constrict the scorpion, but do no damage.
The scorpion stings you.
* * * LOW HITPOINT WARNING * * *
A black bear comes into view.
You hit the scorpion.
You squeeze the scorpion, but do no damage.
The scorpion is lightly wounded.
You constrict the scorpion, but do no damage.
The scorpion stings you.
* * * LOW HITPOINT WARNING * * *
The gnoll misses you. The scorpion stings you.
* * * LOW HITPOINT WARNING * * *
You are lethally poisoned!
The scorpion poisons you!
You hit the scorpion but do no damage.
The scorpion is lightly wounded.
You constrict the scorpion, but do no damage.
You die...

*,* ****,,,*,,.s#,,,,,*
*,***###**,,,,,,*,,:..,**,,*
*,,,,...,,,,,******#.#,,,,,*
*****#.#****##### #.#,#**,,
#.# #...# #.#.# *** ###
###.### #...####+#.# #.#
###+### #...#......#
#.#####⌠.⌠#####g..#.....##
#.....'.>.'..@sg..#.....#
####.#####⌠.⌠#####O..#.....#
.....# ####### #....h....#
.....# ###.### #.........#
.....# #.# #.........#
.....######.###**#O###+#####*
..........#...#,#..#*,,,,,,,*
..........##..#,#...,,,,,,,,*
....######...#*,#..#,,,,,,,,*


You could see a black bear, an ogre, a scorpion and 2 gnolls.

Vanquished Creatures
  A hound (D:5)
  A jelly (D:5)
  A gnoll (D:5)
3 creatures vanquished.

Notes
Turn   | Place    | Note
-------+----------+-------------------------------------------
     0 | D:5      | Azuregosa the Octopode Delver began the quest for the Orb.
     0 | D:5      | Reached XP level 1. HP: 16/16 MP: 1/1
     8 | D:5      | Noticed a jelly
    15 | D:5      | Killed a jelly
    16 | D:5      | Reached skill level 7 in Stealth
    16 | D:5      | Reached XP level 2. HP: 4/21 MP: 2/2
    16 | D:5      | Reached XP level 3. HP: 6/26 MP: 3/3
   123 | D:5      | Found a staircase to the Ecumenical Temple.
   129 | Temple   | Entered the Ecumenical Temple
   151 | D:5      | Noticed a scorpion
   160 | D:5      | Noticed an ogre
   167 | D:5      | Reached skill level 8 in Stealth
   167 | D:5      | Reached XP level 4. HP: 3/31 MP: 4/4
   291 | D:5      | Noticed a black bear
   293 | D:5      | Succumbed to a scorpion's poison

Illustrated notes

Levels and vault maps discovered:
D:5:      layout_basic, temple_doors_e, corexii_checkpoint, grunt_ministairs_9,
          minmay_liquid_box
Temple:   ebering_the_one_and_only

Skill      XL: |  1  2  3 |
---------------+----------+-----
Stealth        | 7 8 |  8.7
Fighting       | |  3.0
Maces & Flails | |  2.0
Dodging        | |  2.0

Action                     |  1- 3 |  4- 6 || total
---------------------------+-------+-------++-------
  Melee: Mace              |     6 |     7 ||    13
         Tentacles         |     2 |     4 ||     6
         Punch             |     1 |       ||     1
         Constrict         |     1 |     2 ||     3
    Use: Scroll            |     2 |       ||     2
   Stab: Sleeping          |     1 |       ||     1
 Armour: Skin              |     8 |     6 ||    14
  Dodge: Dodged            |     8 |     5 ||    13

Table legend: (Time is in decaauts)
 A = Elapsed time spent in this place.
 B = Non-inter-level travel time spent in this place.
 C = Inter-level travel time spent in this place.
 D = Time resting spent in this place.
 E = Time spent auto-exploring this place.
 F = Levels seen in this place.
 G = Mean time per level.
                   A        B        C        D        E       F      G
               +--------+--------+--------+--------+--------+-----+--------+
         Total |    297 |    297 |      0 |    187 |      0 |   2 |  148.5 |
       Dungeon |    185 |    185 |      0 |     83 |      0 |   1 |  185.0 |
        Temple |    112 |    112 |      0 |    104 |      0 |   1 |  112.0 |
               +--------+--------+--------+--------+--------+-----+--------+

Top non-repeatable levels by time:
     D:5: 185 daAuts
  Temple: 112 daAuts
